 Dungeon Crawl Stone Soup version 0.20-a0-275-ga90a6c4 (webtiles) character file.

1074 Leibowitz the Cutter (level 7, 0/56 HPs)
             Began as a Demigod Gladiator on Dec 11, 2016.
             Slain by an orc warrior
             ... wielding a +0 halberd
              (14 damage)
             ... on level 6 of the Dungeon.
             The game lasted 00:15:11 (6223 turns).

Leibowitz the Cutter (Demigod Gladiator)            Turns: 6223, Time: 00:15:13

Health: 0/56       AC:  6    Str: 17 (18) XL:     7   Next: 80%
Magic:  9/9        EV: 15    Int: 10 (12) God:
Gold:   239        SH:  0    Dex: 22      Spells: 5/6 levels left

rFire  . . .     SeeInvis .     a - +0 rapier
rCold  + . .     Gourm    .     b - +0 leather armour
rNeg   . . .     Faith    .     (no shield)
rPois  .         Spirit   .     c - +0 helmet
rElec  .         Reflect  .     (no cloak)
rCorr  .         Harm     .     e - +0 pair of gloves
MR     .....                    v - +0 pair of boots
Stlth  +++.......               z - amulet of rage
                                H - ring of protection from cold
                                u - +2 ring of dexterity

@: no status effects
A: high mp 1
a: Evoke Berserk Rage


You were on level 6 of the Dungeon.
You were very hungry.

You visited 1 branch of the dungeon, and saw 6 of its levels.
You also visited: Sewer.

You collected 239 gold pieces.

Inventory:

Hand Weapons
 a - a +0 rapier (weapon)
Missiles
 d - a throwing net (quivered)
 y - 2 poisoned tomahawks
Armour
 b - a +0 leather armour (worn)
 c - a +0 helmet (worn)
 e - a +0 pair of gloves (worn)
 v - a +0 pair of boots (worn)
 G - a +0 large shield
Jewellery
 h - an uncursed ring of protection from cold
 u - a +2 ring of dexterity (left hand)
 z - an amulet of rage (around neck)
 H - a ring of protection from cold (right hand)
Wands
 A - a wand of enslavement (5/24)
 J - a wand of paralysis (8/24)
Scrolls
 g - a scroll of fear {unknown}
 l - 2 scrolls of recharging {unknown}
 m - a scroll of enchant weapon {unknown}
 o - 5 scrolls of identify {unknown}
 q - 2 scrolls of teleportation {unknown}
 r - 3 scrolls of enchant armour {unknown}
 w - a scroll of amnesia {unknown}
 x - 3 scrolls of remove curse {unknown}
 C - 2 scrolls of magic mapping {unknown}
 D - 3 scrolls of blinking {unknown}
 E - 2 scrolls of noise {unknown}
 F - a scroll of fog {unknown}
Potions
 i - 2 potions of flight
 j - 2 potions of haste
 k - 4 potions of heal wounds
 n - a potion of ambrosia {unknown}
 s - 4 potions of curing {unknown}
 B - 2 potions of might {unknown}
 I - a potion of lignification {unknown}
Books
 K - a book of Air

   Spells                             Type                      Level
   a - Shock                          Conjuration/Air              1
   b - Swiftness                      Charms/Air                   2
   c - Repel Missiles                 Charms/Air                   2
   d - Static Discharge               Conjuration/Air              3
   e - Lightning Bolt                 Conjuration/Air              5
 M - a book of Misfortune

   Spells                             Type                      Level
   a - Confusing Touch                Hexes                        1
   b - Confuse                        Hexes                        3
   c - Gell's Gravitas                Hexes/Translocation          3
   d - Petrify                        Transmutation/Earth          4
   e - Metabolic Englaciation         Hexes/Ice                    5
   f - Yara's Violent Unravelling     Hexes/Transmutation          5
Comestibles
 f - 7 bread rations
 p - a royal jelly
 t - 5 meat rations


   Skills:
 + Level 2.9 Fighting
 + Level 5.8 Short Blades
 + Level 1.9 Throwing
 + Level 2.6 Armour
 + Level 4.0 Dodging
 * Level 3.8 Stealth
 * Level 2.7 Shields


You had 5 spell levels left.
You knew the following spells:

 Your Spells              Type           Power        Failure   Level  Hunger
a - Confusing Touch       Hex            #.....       45%         1    ##.....


Dungeon Overview and Level Annotations

Branches:
Dungeon (6/15)             Temple (0/1) D:4


Innate Abilities, Weirdness & Mutations

You have an increased reservoir of magic. (+10% MP)


Message History

You hit the orc warrior.
The orc warrior is heavily wounded.
The orc warrior struggles against the net.
The net rips apart, and the orc warrior comes free!
You puncture the orc warrior!
The orc warrior is almost dead.
The orc warrior hits you with a halberd!
* * * LOW HITPOINT WARNING * * *
You hit the orc warrior but do no damage.
The orc warrior is almost dead.
The orc warrior completely misses you.
You hit the orc warrior but do no damage.
The orc warrior is almost dead.
The orc warrior barely misses you.
You barely miss the orc warrior.
The orc warrior is almost dead.
You barely miss the orc warrior.
The orc warrior is almost dead.
The orc warrior hits you with a halberd!
You die...

...# ### ##########.
...##.
###.[##..#...#..#
..... ............>...
...# ................
...# ..# #..##..#
...##..#######..##..##
.......#.............#
.......#........@o...#
#..##..##.)###.###.###
#..######..###.###)#
#.........(.....#...
#......(.(......#...#
#...............#...#
#.......(.......#...#
#..###.##.###..######
#..###.##.## ..###


You could see an orc warrior.

Vanquished Creatures
  An ice beast (D:5)
  An ogre (D:6)
  3 bullfrogs
  2 scorpions
  A howler monkey (D:4)
  A centaur zombie (D:5)
  A bullfrog skeleton (D:6)
  A jelly (D:6)
  An orc wizard (D:5)
  A centaur skeleton (D:4)
  A hound (D:5)
  2 iguanas
  5 worker ants
  6 adders
  2 adder skeletons (D:5)
  An adder zombie (D:5)
  3 worms
  A dart slug (D:2)
  31 orcs
  4 ball pythons
  5 giant cockroaches
  14 hobgoblins
  22 jackals
  11 kobolds
  5 bats
  5 frilled lizards
  A giant cockroach zombie (D:5)
  8 goblins
  A leopard gecko zombie (D:6)
  7 rats
148 creatures vanquished.

Notes
Turn   | Place    | Note
-------+----------+-------------------------------------------
     0 | D:1      | Leibowitz the Demigod Gladiator began the quest for the Orb.
     0 | D:1      | Reached XP level 1. HP: 17/17 MP: 3/3
   494 | D:1      | Reached XP level 2. HP: 23/24 MP: 4/4
   583 | D:2      | Reached skill level 1 in Stealth
   635 | D:2      | Reached skill level 3 in Short Blades
   929 | D:2      | Reached XP level 3. HP: 26/29 MP: 5/5
  1479 | D:3      | Reached XP level 4. HP: 36/36 MP: 6/6
  1631 | D:3      | Reached skill level 1 in Armour
  1700 | D:3      | Found a faded altar of an unknown god.
  2643 | D:4      | Noticed a bullfrog
  2652 | D:4      | Killed a bullfrog
  2652 | D:4      | Reached skill level 4 in Short Blades
  2652 | D:4      | Reached XP level 5. HP: 17/41 MP: 7/7
  2883 | D:4      | Found a glowing drain.
  2887 | Sewer    | Entered a sewer
  3269 | Sewer    | Reached XP level 6. HP: 47/48 MP: 8/8
  3748 | D:4      | Found a staircase to the Ecumenical Temple.
  4181 | D:5      | Entered Level 5 of the Dungeon
  4194 | D:5      | Reached skill level 5 in Short Blades
  4981 | D:5      | Reached skill level 1 in Shields
  5252 | D:4      | Reached XP level 7. HP: 47/56 MP: 9/9
  5384 | D:5      | Found a shadowy altar of Dithmenos.
  5624 | D:6      | Learned a level 1 spell: Confusing Touch
  6223 | D:6      | Slain by an orc warrior

Vault maps used:
D:1:      elethiomel_arrival_shortcut, columned_hall_lemuel, fountainhead
D:3:      wad_crossroads, chequers_ecumenical_altar_simple_redux
D:4:      gup_sewer_entry_bowl, first_bread, corner_web_ring, eino_curves_01
D:5:      cheibrodos_helix_gallery, lemuel_statue_altar
D:6:      kennysheep_cross_room
Sewer:    sewer_co_scattered_pipes

Skill      XL: |  1  2  3  4  5  6  7 |
---------------+----------------------+-----
Stealth        | 1 2 3 |  3.8
Short Blades   | 3 4 5 |  5.8
Dodging        | 3 4 |  4.0
Armour         | 1 2 |  2.6
Fighting       | 2 |  2.9
Shields        | 1 2 |  2.7
Throwing       | |  1.9

Action                   |  1- 3 |  4- 6 |  7- 9 || total
-------------------------+-------+-------+-------++-------
Melee: Rapier            |   159 |   329 |   104 ||   592
Throw: Throwing net      |       |     1 |     1 ||     2
       Tomahawk          |       |     1 |       ||     1
  Use: Potion            |       |       |     5 ||     5
 Stab: Sleeping          |     3 |     6 |     2 ||    11
       Held in net/web   |       |     1 |     1 ||     2
       Distracted        |       |     1 |       ||     1
  Eat: Chunk             |     1 |    11 |     3 ||    15
       Pizza             |       |     1 |       ||     1
Armor: Leather armour    |    41 |    76 |    24 ||   141
Dodge: Dodged            |   110 |   138 |    26 ||   274
Block: Large shield      |       |    44 |    49 ||    93
